 Dungeon Crawl Stone Soup version 0.28.0 (webtiles) character file.

Game seed: 4494384619390227972

31425 HallandMoats the Grappler (level 13, 0/115 HPs)
             Began as a Ghoul Monk on Feb 8, 2022.
             Was the Champion of Okawaru.
             Killed from afar by a deep elf knight (19 damage)
             ... with a shard of ice
             ... on level 14 of the Dungeon.
             The game lasted 00:23:50 (17812 turns).

HallandMoats the Grappler (Ghoul Monk)             Turns: 17812, Time: 00:23:51

Health: 0/115      AC: 21    Str: 18    XL:     13   Next: 58%
Magic:  0/28       EV: 12    Int:  5    God:    Okawaru [******]
Gold:   1011       SH:  7    Dex: 13    Spells: 12/12 levels left

rFire   x . .      SeeInvis .   b - +9 trident (spect)
rCold   + + +      Faith    .   c - +1 buckler
rNeg    + + +      Spirit   +   g - +0 ice dragon scales
rPois   ∞          Reflect  .   w - +0 helmet
rElec   .          Harm     .   y - +0 cloak
rCorr   .          Rampage  .   x - +0 pair of gloves of Restlessness {Slay+2}
Will    .....                   k - +0 pair of boots
Stlth   ..........              m - amulet of guardian spirit
HPRegen 0.00/turn               s - ring of magical power
MPRegen 0.21/turn               C - +4 ring of protection

@: about to teleport, inhibited regen
A: claws 1, cold resistance 1, negative energy resistance 3, inhibited
regeneration, torment resistance 2
a: Renounce Religion, Heroism, Finesse, Duel


You were on level 14 of the Dungeon.
You worshipped Okawaru.
Okawaru was exalted by your worship.
You visited 2 branches of the dungeon, and saw 15 of its levels.
You also visited: Ossuary and Bailey.

You collected 1263 gold pieces.
You spent 252 gold pieces at shops.

Inventory:

Hand Weapons
 b - a +9 spectral trident (weapon)
Missiles
 A - a throwing net (quivered)
Armour
 c - a +1 buckler (worn)
 g - +0 ice dragon scales (worn)
 k - a +0 pair of boots (worn)
 q - the +1 steam dragon scales of the Sparrow {rPois Regen+ Int+3}
   (Okawaru gifted it to you on level 12 of the Dungeon)

   Int:       It affects your intelligence (+3).
   rPois:     It protects you from poison.
   Regen:     It increases your rate of health regeneration.
 w - a +0 helmet (worn)
 x - the +0 pair of gloves of Restlessness (worn) {Slay+2}
   (You acquired it on level 8 of the Dungeon)

   Slay:      It affects your accuracy & damage with ranged weapons and melee
   (+2).
 y - a +0 cloak (worn)
Jewellery
 a - a ring of ice
 d - the amulet "Ediro" {rF+ Will+ Regen+}
   (You acquired it on level 6 of the Dungeon)

   [amulet of regeneration]

   rF:        It protects you from fire.
   Regen:     It increases your rate of health regeneration.
   Will:      It increases your willpower.
 h - a ring of ice
 l - a ring of wizardry
 m - an amulet of guardian spirit (around neck)
 s - a ring of magical power (left hand)
 C - a +4 ring of protection (right hand)
 I - an amulet of faith
 M - a ring of willpower
Wands
 e - a wand of flame (16)
 j - a wand of polymorph (8)
 G - a wand of acid (5)
 H - a wand of paralysis (4)
Scrolls
 n - 3 scrolls of amnesia
 o - a scroll of enchant weapon
 r - 4 scrolls of teleportation
 z - 3 scrolls of blinking
 D - a scroll of fog
 E - 11 scrolls of identify
 F - 2 scrolls of brand weapon
 L - a scroll of enchant armour
Potions
 f - 4 potions of curing
 i - 2 potions of magic {unknown}
 p - 2 potions of ambrosia {unknown}
 t - 2 potions of berserk rage {unknown}
 v - a potion of flight {unknown}
 B - 2 potions of might
 K - a potion of invisibility {unknown}


   Skills:
 + Level 10.9 Fighting
 * Level 7.8 Polearms
 + Level 7.2 Armour
 + Level 7.7 Dodging
 - Level 2.1 Stealth
 * Level 7.8 Shields
 + Level 11.0 Unarmed Combat
 + Level 9.8 Invocations


You had 12 spell levels left.
You didn't know any spells.
Your spell library contained the following spells:

 Spells                   Type           Power      Damage    Failure   Level
 Magic Dart               Conj           0%         1d3       93%         1
 Searing Ray              Conj           0%         2d4       98%         2
 Fulminant Prism          Conj/Hex       0%         3d6       100%        4


Dungeon Overview and Level Annotations

Branches:
Dungeon (14/15)            Temple (1/1) D:6            Lair (0/6) D:10
    Orc (0/2) D:10         Vaults (0/5) D:14        Ossuary (visited)
 Bailey (visited)

Altars:
Ashenzari
Cheibriados
Dithmenos
Elyvilon
Fedhas
Gozag
Hepliaklqana
Kikubaaqudgha
Makhleb
Nemelex Xobeh
Okawaru
Qazlal
Ru
Sif Muna
Trog
Uskayaw
Vehumet
Wu Jian
Xom
Yredelemnul
Zin
The Shining One

Shops:
D:5 *   D:8 =   D:14 [*

Annotations:
D:11 exclusion: obsidian statue


Innate Abilities, Weirdness & Mutations

You thrive by killing the living.
You are immune to poison.
You have sharp fingernails.
Your flesh is cold resistant. (rC+)
You are immune to negative energy. (rN+++)
You do not regenerate when monsters are visible.
You are immune to unholy pain and torment.


Message History

You completely miss the orc knight.
The orc knight is almost dead.
Your +9 spectral trident hits the orc knight but does no damage.
Something hits you.
You hear some strange, mumbled words.
A lance of force appears from out of thin air!
The lance of force hits you!!
You are knocked back by the lance of force.
You slam into the metal wall!
You swing at nothing.
Something hits you but does no damage.
You closely miss something.
Your +9 spectral trident closely misses something.
You block something's attack.
You closely miss something.
Your +9 spectral trident hits something but does no damage.
Something hits you!!
The orc knight hits you with a +1 great sword of draining!!
* * * LOW HITPOINT WARNING * * *
You hit something.
Your +9 spectral trident misses something.
Something hits you!
* * * LOW HITPOINT WARNING * * *
You block the orc knight's attack. Something hits you!
* * * LOW HITPOINT WARNING * * *
Unknown command.
As you read the scroll of fear, it crumbles to dust.
You assume a fearsome visage.
The orc knight looks frightened!
You feel better.
You feel better.
There is an open door here.
You hear some strange, mumbled words.
A lance of force appears from out of thin air!
The lance of force hits you!!
* * * LOW HITPOINT WARNING * * *
You are knocked back by the lance of force.
As you read the scroll of teleportation, it crumbles to dust.
You feel strangely unstable.
A shard of ice appears from out of thin air!
The shard of ice hits you!! You partially resist.
You die...

..)≈≈≈≈≈≈...≈≈≈≈≈≈≈
..≈≈≈≈≈≈≈...≈≈≈≈≈≈≈
.###).###'''###..##
###...# #...# #.{.#
#.).# #)).# #...#
#...# #)))# #...#
##'####.#.####'##
#..............)#
#.............@.#
#..............[#
########'########
#⌠.⌠ #.∩.# #⌠.⌠#
#####


There were no monsters in sight!

Vanquished Creatures
  Jorgrun (D:12)
  Gastronok (D:12)
  The ghost of Gasan the Lord of Darkness, a journeyman DrFE of Kikubaaqudgha (D:13)
  Fannar (D:10)
  3 vault guards (D:14)
  2 hydras
  A boulder beetle (D:11)
  2 centaur warriors
  An ogre mage (D:14)
  7 two-headed ogres
  A deep elf pyromancer (D:13)
  2 orc knights
  A deep elf archer (D:14)
  A wizard (D:14)
  An ugly thing (D:13)
  2 manticores
  2 cyclopes (D:13)
  Pikel (D:4)
  4 gargoyles
  An unseen horror (D:7)
  2 rime drakes (D:13)
  A komodo dragon (D:12)
  2 kobold demonologists (D:12)
  A yaktaur (D:14)
  3 meliai
  3 trolls
  Prince Ribbit (D:8)
  A slime creature (D:13)
  An air elemental (D:10)
  A spriggan (shapeshifter) (D:13)
  2 shadows
  2 water elementals
  4 wraiths
  5 yaks (D:12)
  A vampire (D:12)
  2 wyverns (D:8)
  A basilisk (D:13)
  A fire elemental (D:10)
  A steam dragon (D:10)
  Grum (D:10)
  2 water moccasins
  4 orc warriors
  2 ice beasts
  3 wolves (D:10)
  A black bear (D:7)
  2 sky beasts (D:7)
  2 necrophages
  An ogre (D:5)
  3 centaurs
  A lemure (D:4)
  10 kobold brigands
  A bullfrog (D:9)
  An earth elemental (D:10)
  3 gnoll sergeants
  2 scorpions
  15 killer bees
  5 wights (D:7)
  2 howler monkeys
  4 electric eels
  4 centaur zombies
  8 hounds
  4 jellies
  A centaur skeleton (D:5)
  2 gnoll shamans
  5 orc priests
  A bullfrog skeleton (D:5)
  6 iguanas
  Jessica (D:2)
  A scorpion zombie (D:5)
  5 orc wizards
  A killer bee zombie (D:5)
  A hound skeleton (D:4)
  A howler monkey zombie (D:5)
  8 mummies (Ossuary)
  21 gnolls
  4 adders
  2 white imps
  An ufetubus (D:5)
  2 adder skeletons (D:4)
  A worm (D:2)
  5 dart slugs
  37 orcs
  4 endoplasms
  5 giant cockroaches
  4 hobgoblins
  2 quokkas
  6 ball pythons
  5 bats
  6 frilled lizards
  A gnoll zombie (Ossuary)
  6 goblins
  3 hobgoblin zombies (Ossuary)
  16 kobolds
  2 kobold zombies (Ossuary)
  2 orc zombies (Ossuary)
  A quokka skeleton (D:4)
  5 rats
326 creatures vanquished.

Vanquished Creatures (others)
  A human (D:8)
  An orc wizard (D:10)
2 creatures vanquished.

Grand Total: 328 creatures vanquished

Notes
Turn   | Place    | Note
-------+----------+-------------------------------------------
     0 | D:1      | HallandMoats the Ghoul Monk began the quest for the Orb.
     0 | D:1      | Reached XP level 1. HP: 19/19 MP: 0/0
   222 | D:1      | Reached XP level 2. HP: 25/26 MP: 1/1
   977 | D:2      | Reached XP level 3. HP: 32/33 MP: 2/2
  1019 | D:2      | Noticed Jessica
  1027 | D:2      | Killed Jessica
  1028 | D:2      | Reached skill level 1 in Armour
  1029 | D:2      | Reached skill level 4 in Unarmed Combat
  1178 | D:2      | Found a faded altar of an unknown god.
  1244 | D:2      | Reached XP level 4. HP: 38/40 MP: 3/3
  1870 | D:3      | Reached XP level 5. HP: 17/47 MP: 4/4
  2838 | D:4      | Noticed a lemure
  2838 | D:4      | Noticed a lemure
  2864 | D:4      | Killed a lemure
  2966 | D:4      | Noticed Pikel
  2993 | D:4      | Noticed a lemure
  2993 | D:4      | Noticed a lemure
  3442 | D:4      | Reached skill level 1 in Invocations
  3442 | D:4      | Reached XP level 6. HP: 32/55 MP: 3/5
  3635 | D:4      | Reached skill level 5 in Fighting
  3635 | D:4      | Reached skill level 5 in Unarmed Combat
  3712 | D:4      | Killed Pikel
  3713 | D:4      | Reached XP level 7. HP: 45/62 MP: 4/8
  4289 | D:5      | Entered Level 5 of the Dungeon
  4366 | D:5      | Reached skill level 6 in Unarmed Combat
  4424 | D:4      | Reached XP level 8. HP: 70/70 MP: 9/9
  4919 | D:5      | Found Qihalies's Assorted Antiques.
  4926 | D:5      | Bought a bubbling green potion for 27 gold pieces
  4926 | D:5      | Bought a bone ring for 150 gold pieces
  5253 | D:5      | Found a large runed translucent door.
  5267 | D:5      | Found a large runed translucent door.
  5408 | D:5      | Found a shimmering altar of Xom.
  5411 | D:5      | Found an opulent altar of Gozag.
  5451 | D:6      | Identified a scroll of acquirement
  5451 | D:6      | Acquired the amulet "Ediro" {rF+ Will+ Regen+}
  5654 | D:6      | Found a sand-covered staircase.
  5663 | Ossuary  | Entered an ossuary
  6309 | D:6      | Reached skill level 7 in Unarmed Combat
  6321 | D:6      | Reached skill level 5 in Invocations
  6779 | D:6      | Found a staircase to the Ecumenical Temple.
  6988 | D:6      | Reached XP level 9. HP: 79/79 MP: 11/11
  7358 | Temple   | Entered the Ecumenical Temple
  7364 | Temple   | Became a worshipper of Warmaster Okawaru
  7364 | Temple   | Reached * piety under Okawaru
  7364 | Temple   | Reached ** piety under Okawaru
  8006 | D:7      | Found a burning altar of Makhleb.
  8040 | D:7      | Killed an unseen horror
  8041 | D:7      | Reached skill level 8 in Unarmed Combat
  8652 | D:7      | Reached skill level 5 in Dodging
  8786 | D:7      | Reached *** piety under Okawaru
  8900 | D:7      | Found a stormy altar of Qazlal.
  9272 | D:8      | Reached XP level 10. HP: 79/90 MP: 14/14
  9304 | D:8      | Acquired the +0 pair of gloves of Restlessness {Slay+2}
  9697 | D:7      | Reached skill level 1 in Polearms
  9697 | D:7      | Reached skill level 1 in Shields
  9975 | D:8      | Reached **** piety under Okawaru
 10012 | D:8      | Found Muifumaw's One-of-a-Kind Rings.
 10109 | D:8      | Found an ancient bone altar of Kikubaaqudgha.
 10296 | D:9      | Noticed Prince Ribbit
 10300 | D:9      | Reached skill level 9 in Unarmed Combat
 10313 | D:8      | Killed Prince Ribbit
 11062 | D:10     | Entered Level 10 of the Dungeon
 11067 | D:10     | Found a large runed translucent door.
 11067 | D:10     | Found a large runed translucent door.
 11175 | D:10     | Noticed Grum
 11180 | D:10     | Noticed Fannar
 11190 | D:10     | Killed Grum
 11194 | D:10     | Reached skill level 5 in Armour
 11217 | D:10     | Killed Fannar
 11218 | D:10     | Reached XP level 11. HP: 77/97 MP: 13/15
 11220 | D:10     | Reached ***** piety under Okawaru
 11259 | D:10     | Found a staircase to the Orcish Mines.
 11345 | D:10     | Found a flagged portal.
 11372 | Bailey   | Entered a bailey
 11451 | Bailey   | Noticed an orc knight
 11461 | Bailey   | Killed an orc knight
 11616 | Bailey   | Found a burning altar of Makhleb.
 11619 | Bailey   | Received a gift from Okawaru
 11765 | D:10     | Found a staircase to the Lair.
 11984 | D:10     | Found an ornate altar of the Wu Jian Council.
 12113 | D:10     | Paralysed by an air elemental for 1 turns
 12118 | D:10     | Paralysed by an air elemental for 1 turns
 12239 | D:11     | Noticed a boulder beetle
 12249 | D:11     | Killed a boulder beetle
 12391 | D:11     | Noticed an eight-headed hydra
 12399 | D:11     | Killed an eight-headed hydra
 12664 | D:11     | Noticed an obsidian statue
 13217 | D:11     | Noticed a two-headed ogre
 13223 | D:11     | Killed a two-headed ogre
 13594 | D:11     | Noticed a sixfirhy
 13870 | D:12     | Received a gift from Okawaru
 13900 | D:12     | Noticed a two-headed ogre
 13903 | D:12     | Noticed a two-headed ogre
 13907 | D:12     | Killed a two-headed ogre
 13908 | D:12     | Reached skill level 5 in Polearms
 13908 | D:12     | Reached skill level 5 in Shields
 13910 | D:12     | Killed a two-headed ogre
 13911 | D:12     | Reached XP level 12. HP: 56/106 MP: 13/17
 13942 | D:12     | Reached skill level 10 in Unarmed Combat
 14106 | D:12     | Noticed Jorgrun
 14106 | D:12     | Noticed an eight-headed hydra
 14117 | D:12     | Killed Jorgrun
 14118 | D:12     | Reached skill level 10 in Fighting
 14120 | D:12     | Killed an eight-headed hydra
 14120 | D:12     | Received a gift from Okawaru
 14120 | D:12     | Reached ****** piety under Okawaru
 14455 | D:12     | Noticed a two-headed ogre
 14467 | D:12     | Killed a two-headed ogre
 14486 | D:12     | Noticed a two-headed ogre
 14492 | D:12     | Killed a two-headed ogre
 14640 | D:12     | Identified the +1 steam dragon scales of the Sparrow {rPois
                  | Regen+ Int+3} (Okawaru gifted it to you on level 12 of the
                  | Dungeon)
 14640 | D:12     | Received a gift from Okawaru
 14928 | D:12     | Noticed Gastronok
 14941 | D:12     | Killed Gastronok
 15080 | D:13     | Noticed a boulder beetle
 15771 | D:13     | Found a runed translucent door.
 15775 | D:13     | Noticed Gasan's ghost (journeyman DrFE)
 15877 | D:13     | Reached XP level 13. HP: 55/114 MP: 11/19
 16678 | D:13     | Killed Gasan's ghost
 16883 | D:14     | Found Coam's General Store.
 16887 | D:14     | Found Tenizxot's Antique Armour Shoppe.
 16981 | D:14     | Bought a scroll of blinking for 75 gold pieces
 17034 | D:14     | Noticed a vault guard
 17058 | D:14     | Identified the +9 longbow of the Spectre {freeze, Will+
                  | Str+6 Int-4} (Okawaru gifted it to you on level 14 of the
                  | Dungeon)
 17058 | D:14     | Received a gift from Okawaru
 17374 | D:14     | Killed a vault guard
 17430 | D:14     | Found a gate to the Vaults.
 17430 | D:14     | Noticed a vault guard
 17430 | D:14     | Noticed a vault guard
 17447 | D:14     | Killed a vault guard
 17448 | D:14     | Reached skill level 11 in Unarmed Combat
 17461 | D:14     | Killed a vault guard
 17812 | D:14     | Killed from afar by a deep elf knight

Illustrated notes

Levels and vault maps discovered:
D:1:      kennysheep_arrival_forest, layout_loops_ring, bh_walls_and_bars
D:2:      layout_basic, basic_ecumenical_altar, minmay_misc_feat_room,
          uniq_jessica
D:3:      layout_basic
D:4:      layout_loops_corners, uniq_pikel
D:5:      layout_loops_cross, jmf_multi_god_temple2, serial_glass,
          glass_columns_c, glass_columns_b, serial_shops, shop,
          minmay_starry_boxes
D:6:      layout_basic, minmay_temple_entry_poolview, enter_ossuary_5,
          serial_park_tiny_1
D:7:      layout_basic, mainiacjoe_overflow_chevrons,
          mainiacjoe_overflow_cross_hatched
D:8:      layout_rooms, tgw_kikubaaqudgha, nicolae_shop_unique_rings
D:9:      layout_grid_maze, uniq_prince_ribbit1
D:10:     layout_rooms, nzn_wu_jian_council_hall, erik_lair_island,
          enter_bailey_2, lightli_elemental_guards, uniq_fannar, uniq_grum
D:11:     layout_basic, minmay_protected_statue
D:12:     layout_long_grid, uniq_jorgrun, uniq_gastronok
D:13:     layout_small_grid, ebering_ghost_reflecting_pool,
          portal_ice_cave_rime, minmay_mirror_moons_of_madness
D:14:     layout_loops_ring, grunt_vaults_entry_fortified, zin_angel,
          enter_trove_5, nicolae_wooded_promenade, nicolae_shop_firing_range
Temple:   eino_temple_rhombus

Skill      XL: |  1  2  3  4  5  6  7  8  9 10 11 12 13 |
---------------+----------------------------------------+-----
Fighting       | 4 5 6 7 8 9 10 | 10.9
Armour         | 1 2 3 4 5 6 7 |  7.2
Dodging        | 3 4 5 6 7 |  7.7
Unarmed Combat | 4 5 6 7 8 9 10 11 | 11.0
Invocations    | 1 3 5 6 7 8 9 |  9.8
Polearms       | 3 5 6 7 |  7.8
Shields        | 3 5 6 7 |  7.8
Stealth        | |  2.1

Action                   |  1- 3 |  4- 6 |  7- 9 | 10-12 | 13-15 || total
-------------------------+-------+-------+-------+-------+-------++-------
Melee: Unarmed           |    68 |   187 |   469 |   185 |       ||   909
       Punch             |     1 |     6 |    25 |     2 |       ||    34
       Short sword       |       |     4 |       |       |       ||     4
       Trident           |       |       |       |   312 |   101 ||   413
Invok: Heroism           |       |       |       |     3 |       ||     3
       Finesse           |       |       |       |     2 |       ||     2
  Use: Scroll            |       |     3 |    12 |    12 |     4 ||    31
       Potion            |       |       |       |     6 |     2 ||     8
 Stab: Sleeping          |     3 |       |       |       |       ||     3
       Distracted        |       |       |       |     5 |       ||     5
Armor: Robe              |    13 |       |       |       |       ||    13
       Plate armour      |    27 |   113 |     9 |       |       ||   149
       Ice dragon scales |       |       |   266 |   318 |    34 ||   618
Dodge: Dodged            |    38 |    47 |   259 |   305 |    19 ||   668
Block: Buckler           |       |       |       |   128 |    12 ||   140
